Map: Abyssal Reef LE

Players

Fimp - Winner!

  • Race: Terran Terran
  • Spawn Location: 11:00

Pelden

  • Race: Zerg Zerg
  • Spawn Location: 5:00

VOD

Have the link to the VOD?

Description

Time

  • Played on: April 9, 2017, 4:04 p.m.
  • Length: 16:27
Show
View Real Time Build Order
Export as new Build Order

Fimp Terran - Winner!

Build Orders: Reaper Expand, MMM Bio 

Get SALT Encoding   

  12  0:01  SCV  
  13  0:13  SCV  
  14  0:19  Supply Depot  
  14  0:25  SCV  
  15  0:41  SCV  
  16  0:43  Barracks  
  16  0:46  Refinery  
  16  0:53  SCV  
  17  1:05  SCV  
  18  1:17  SCV  
  19  1:29  Orbital Command  
  19  1:32  Reaper  
  20  1:37  Supply Depot  
  20  1:52  Command Center  
  20  1:57  SCV  
  21  2:12  Barracks Reactor  
  21  2:13  SCV, Barracks  
  22  2:25  SCV, Supply Depot  
  23  2:32  Factory  
  23  2:40  SCV  
  24  2:49  Marine x2  
  26  2:52  SCV  
  26  2:55  Refinery  
  27  3:00  Engineering Bay  
  27  3:02  Barracks Tech Lab  
  27  3:10  Marine  
  27  3:11  Marine  
  29  3:18  Starport  
  29  3:26  Widow Mine  
  31  3:30  Marine x2  
  31  3:31  Marine  
  34  3:36  Orbital Command  
  34  3:39  SCV  
  35  3:50  Marine  
  35  3:51  Marine x2  
  35  3:53  Stimpack  
  38  3:59  Terran Infantry Weapons Level 1  
  38  4:03  SCV  
  38  4:04  SCV  
  38  4:07  Refinery  
  39  4:10  Marine x2  
  39  4:11  Marine  
  39  4:14  Widow Mine  
  44  4:25  SCV x2  
  44  4:30  Marine x3  
  47  4:37  Medivac  
  49  4:39  SCV x2  
  51  4:48  Widow Mine  
  51  4:49  Marine  
  54  4:53  Supply Depot  
  54  4:54  Supply Depot  
  54  5:14  Marine x2  
  54  5:15  SCV x2  
  54  5:19  Widow Mine  
  54  5:20  Medivac  
  62  5:21  Marine  
  62  5:24  Supply Depot  
  63  5:28  SCV x2  
  65  5:36  Marine x2  
  67  5:43  Marine  
  67  5:48  SCV  
  67  5:49  SCV  
  70  5:50  Widow Mine  
  70  5:51  Medivac  
  74  5:57  Marine x2  
  74  6:19  Marine x3  
  77  6:26  Widow Mine, Supply Depot  
  77  6:29  Supply Depot  
  77  6:31  Terran Infantry Armor Level 1  
  77  6:35  Armory, Combat Shields  
  77  6:48  Medivac  
  77  6:50  Supply Depot  
  77  6:52  Supply Depot  
  73  7:01  Marauder, Marine x2  
  76  7:02  Widow Mine  
  76  7:04  SCV x2  
  81  7:13  Command Center  
  81  7:23  Command Center  
  81  7:25  Barracks, Starport Reactor  
  81  7:26  Barracks  
  81  7:27  Marine  
  81  7:28  Marauder, Marine  
  85  7:34  Supply Depot  
  85  7:36  SCV x2, Supply Depot  
  87  8:08  SCV x2  
  87  8:09  Marine x3  
  87  8:10  Widow Mine  
  94  8:13  Medivac x2  
  98  8:24  SCV x2  
  98  8:25  Terran Infantry Weapons Level 2, Refinery  
  98  8:26  Barracks Reactor  
  100  8:27  Barracks Tech Lab  
  100  8:37  Planetary Fortress  
  100  8:39  Planetary Fortress, Widow Mine  
  102  8:57  Marine x4  
  102  8:59  Medivac x2  
  102  9:01  SCV x2  
  106  9:15  Marine x4  
  110  9:23  Missile Turret  
  110  9:25  Missile Turret  
  110  9:28  Missile Turret  
  110  9:30  Missile Turret, Marine x2  
  112  9:33  Marine x4  
  116  9:47  Missile Turret x2  
  116  9:48  Marine  
  116  9:50  Missile Turret  
  116  9:51  Missile Turret  
  117  9:57  Missile Turret  
  117  9:59  Marine x5  
  122  10:02  SCV x2  
  122  10:03  SCV x2, Missile Turret  
  126  10:11  Missile Turret  
  121  10:27  Marauder  
  121  10:28  Marauder, Marine x4  
  124  10:31  Widow Mine  
  124  10:33  Medivac x2  
  124  10:34  SCV  
  124  10:35  SCV x3  
  136  10:39  Missile Turret  
  136  10:41  Missile Turret  
  136  10:45  Concussive Shells  
  136  10:46  SCV, Marine x2  
  136  10:47  Terran Infantry Weapons Level 3  
  136  10:49  Marauder x2, SCV x3  
  144  10:53  Supply Depot  
  144  10:57  Supply Depot  
  144  10:58  Supply Depot  
  144  10:59  Widow Mine, SCV  
  144  11:03  Liberator x2  
  147  11:16  Marine  
  147  11:17  Marauder x2, Marine x3  
  155  11:24  SCV  
  155  11:25  SCV x2  
  164  11:29  Refinery  
  164  11:33  Barracks  
  164  11:34  Marine x2  
  164  11:35  Marine  
  164  11:39  Marauder  
  171  11:40  Marauder, Marine  
  171  11:41  Widow Mine  
  174  11:48  SCV x3  
  174  11:50  Supply Depot  
  174  11:52  Marine  
  178  12:10  Widow Mine  
  178  12:14  Marauder x2, Marine x4  
  188  12:27  Supply Depot  
  188  12:28  Liberator x2, Supply Depot  
  188  12:47  Marine x2  
  188  12:51  Marauder x2, Marine x2  
  184  12:52  Widow Mine  
  181  13:04  Marine  
  181  13:05  Marine  
  182  13:09  Marine  
  182  13:15  Marine x2  
  182  13:16  Marine  
  183  13:21  Widow Mine  
  183  13:22  Marine x2  
  183  13:26  Marine  
  188  13:33  Marine x3  
  188  13:37  Barracks Reactor  
  188  13:40  Marine x2  
  190  13:41  SCV  
  190  13:42  SCV x3  
  190  13:44  Marine  
  190  13:45  Terran Infantry Armor Level 2  
  190  13:51  Marine  
  190  13:52  Marauder  
  193  13:57  Marine  
  193  13:58  Marine x2  
  193  14:00  Cyclone  
  193  14:02  Marine  
  199  14:12  Marine  
  198  14:36  Marine  
  198  14:37  Marine  
  199  15:22  Marine  
Show
View Real Time Build Order
Export as new Build Order

Pelden Zerg 

Build Orders: Hatch First, Muta Ling Bane 

Get SALT Encoding   

  12  0:01  Drone  
  13  0:13  Overlord  
  13  0:17  Drone  
  14  0:31  Drone x2  
  14  0:35  Drone  
  17  0:46  Drone  
  18  1:00  Hatchery  
  18  1:01  Drone  
  18  1:15  Spawning Pool  
  18  1:18  Drone  
  18  1:24  Drone  
  19  1:31  Extractor  
  18  1:37  Overlord  
  18  1:39  Drone  
  19  1:50  Drone  
  20  2:05  Queen  
  22  2:10  Zergling x2  
  22  2:13  Queen, Drone  
  26  2:23  Drone x2  
  26  2:28  Drone  
  29  2:35  Drone  
  30  2:41  Drone  
  30  2:46  Metabolic Boost  
  30  2:54  Spine Crawler  
  29  2:58  Drone  
  29  2:59  Drone  
  29  3:03  Drone  
  32  3:08  Baneling Nest  
  32  3:11  Zergling x4  
  33  3:24  Drone  
  33  3:25  Drone  
  33  3:26  Overlord  
  35  3:27  Overlord  
  35  3:32  Spine Crawler  
  35  3:33  Drone  
  35  3:34  Extractor  
  35  3:39  Drone  
  35  3:43  Zergling x2, Overlord  
  36  3:50  Zergling x4  
  38  3:57  Drone  
  38  3:58  Hatchery  
  38  4:16  Lair  
  38  4:17  Queen  
  38  4:19  Drone x2  
  38  4:20  Drone x2  
  38  4:22  Drone x2  
  38  4:23  Drone x2, Extractor  
  44  4:42  Drone x2  
  46  5:05  Spore Crawler  
  46  5:06  Zergling x6  
  46  5:07  Zergling x4  
  49  5:12  Drone  
  51  5:19  Zergling x6  
  54  5:24  Spire  
  54  5:25  Centrifical Hooks  
  53  5:31  Drone x4  
  53  5:32  Drone x2  
  53  5:33  Drone x2  
  61  5:46  Zergling x10  
  61  5:47  Baneling  
  61  5:48  Baneling x6  
  66  5:55  Extractor  
  66  5:56  Drone  
  66  5:58  Spine Crawler  
  66  6:00  Spore Crawler  
  66  6:03  Burrow  
  64  6:04  Spore Crawler  
  64  6:05  Spine Crawler, Drone x3  
  62  6:20  Drone x3  
  65  6:42  Overlord x3  
  65  6:43  Overlord  
  62  7:22  Mutalisk, Drone x3  
  65  7:23  Mutalisk x5, Zergling x2  
  65  7:25  Zergling x6, Overlord x2  
  81  7:35  Zergling x2  
  82  8:01  Mutalisk, Zergling x6  
  82  8:02  Mutalisk x2, Zergling x4  
  93  8:08  Drone, Extractor  
  93  8:27  Drone x3  
  93  8:29  Drone  
  93  8:31  Mutalisk x4  
  93  8:33  Overlord  
  105  8:36  Overseer  
  105  8:37  Overseer  
  105  8:54  Spore Crawler  
  104  8:56  Spine Crawler  
  96  9:43  Mutalisk  
  96  9:45  Zergling x6  
  100  9:46  Zergling x4, Overlord x5  
  100  9:47  Hatchery  
  102  9:54  Baneling x5  
  102  9:56  Zergling x2  
  102  9:57  Zergling x10  
  106  10:18  Overseer  
  102  10:39  Zergling x22  
  102  10:40  Zergling x2  
  114  10:47  Evolution Chamber  
  113  10:53  Zerg Flyer Weapons Level 1  
  113  11:01  Infestation Pit  
  113  11:02  Hatchery  
  111  11:11  Drone x2  
  113  11:25  Spore Crawler  
  113  11:27  Mutalisk, Zergling x6  
  113  11:28  Overlord x5  
  113  11:30  Pneumatized Carapace  
  117  11:39  Hive  
  117  11:48  Spine Crawler  
  117  11:50  Mutalisk  
  117  11:51  Mutalisk x6  
  130  11:54  Overseer x4  
  130  12:03  Mutalisk x2  
  130  12:04  Zergling x2  
  135  12:16  Baneling x4  
  135  12:17  Zergling x2  
  135  12:18  Zergling x6  
  139  12:27  Mutalisk, Zergling x4  
  125  12:52  Zergling x2  
  125  12:53  Zergling x2  
  102  13:07  Mutalisk  
  102  13:08  Zergling x4  
  102  13:09  Zergling x18  
  94  13:21  Zergling x2  
  94  13:22  Zergling x4  
  94  13:25  Baneling  
  94  13:26  Baneling  
  93  13:33  Mutalisk, Zergling x2  
  75  13:43  Mutalisk  
  75  13:44  Zergling x4  
  75  13:45  Zergling x6  
  54  13:51  Zerg Flyer Weapons Level 2, Ultralisk Cavern  
  54  13:55  Adrenal Glands  
  34  14:05  Baneling x4  
  34  14:08  Zergling x2  
  34  14:09  Zergling x6  
  35  14:10  Zergling x6  
  35  14:17  Baneling x4  
  34  14:30  Baneling  
  34  14:31  Baneling x3  
  24  14:50  Zergling x6  
  27  14:52  Spine Crawler  
  27  14:55  Spine Crawler  
  14  15:13  Baneling x2  
  14  15:14  Baneling  
  12  15:16  Overseer  
  12  15:17  Ultralisk x4  
  36  15:30  Spine Crawler  
Tags
 
Add a new tag
Caveats
  • Supply blocks, unpowered buildings, or Contaminate may cause inaccurate times.
  • Supply counts are checked every 10 seconds.